 Dungeon Crawl Stone Soup version 0.27-a0-1545-g3eddc1d3d3 (webtiles) character file.

Game seed: 14439080480189163566

2351 Kinoniko the Cleaver (level 9, -5/74 HPs)
             Began as a Hill Orc Fighter on July 13, 2021.
             Was a Follower of Makhleb.
             Slain by a gnoll (17 damage)
             ... on level 7 of the Dungeon.
             The game lasted 00:05:59 (7521 turns).

Kinoniko the Cleaver (Hill Orc Fighter)             Turns: 7521, Time: 00:05:59

Health: -5/74      AC: 10    Str: 20    XL:     9   Next: 43%
Magic:  14/14      EV: 10    Int:  8    God:    Makhleb [*.....]
Gold:   149        SH:  0    Dex: 12    Spells: 8/8 levels left

rFire    . . .     SeeInvis .   a - +1 war axe (chaos)
rCold    . . .     Faith    .   (no shield)
rNeg     . . .     Spirit   .   b - +0 scale mail
rPois    .         Reflect  .   (no helmet)
rElec    .         Harm     .   h - +1 cloak
rCorr    .         Rampage  .   (no gloves)
Will     .....                  i - +0 pair of boots
Stlth    ..........             (no amulet)
HPRegen  0.00/turn              g - ring of wizardry
MPRegen  0.14/turn              (no ring)

@: no status effects
A: inhibited regeneration, wild magic 1
a: Renounce Religion


You were on level 7 of the Dungeon.
You worshipped Makhleb.
Makhleb was aware of your devotion.
You visited 1 branch of the dungeon, and saw 7 of its levels.

You collected 209 gold pieces.
You spent 60 gold pieces at shops.

Inventory:

Hand Weapons
 a - a +1 war axe of chaos (weapon)
 n - a +2 whip of venom
Missiles
 f - a throwing net (quivered)
 o - a curare-tipped dart
Armour
 b - a +0 scale mail (worn)
 c - a +0 kite shield
 d - a +0 tower shield
 h - a +1 cloak (worn)
 i - a +0 pair of boots (worn)
Jewellery
 g - a ring of wizardry (left hand)
Wands
 m - a wand of iceblast (9)
Scrolls
 e - 4 scrolls of teleportation
 l - a scroll of identify
 p - a scroll of immolation
 r - a scroll of holy word
Potions
 j - 3 potions of flight {unknown}
 k - a potion of curing
 q - a potion of lignification {unknown}
 s - a potion of degeneration {unknown}
 t - 2 potions of attraction {unknown}


   Skills:
 - Level 5.1 Fighting
 * Level 12.6 Axes
 - Level 3.2 Armour
 - Level 3.1 Dodging
 - Level 3.2 Shields
 + Level 7.0 Invocations


You had 8 spell levels left.
You didn't know any spells.
Your spell library contained the following spells:

 Spells                   Type           Power      Damage    Failure   Level
 Foxfire                  Conj/Fire      0%         2x1d4     50%         1
 Conjure Flame            Conj/Fire      0%         6-21      83%         3
 Inner Flame              Hex/Fire       0%         N/A       83%         3


Dungeon Overview and Level Annotations

Branches:
Dungeon (7/15)             Temple (0/1) D:4

Altars:
Dithmenos
Hepliaklqana
Makhleb
Uskayaw

Shops:
D:4 !


Innate Abilities, Weirdness & Mutations

You do not regenerate when monsters are visible.
Your spells are a little harder to cast, but a little more powerful.


Message History

Unknown command.
There is an open door here.
You slice the gnoll!!
You kill the gnoll!
Makhleb accepts your kill.
You hit the water moccasin.
You kill the water moccasin!
Makhleb accepts your kill.
You feel better.
Your Invocations skill increases to level 7!
The gnoll sergeant hits you with a +0 trident.
There is an open door here.
You barely miss the gnoll sergeant. You hit the gnoll. You burn the gnoll.
The gnoll sergeant hits you with a +0 trident!
You slash the gnoll sergeant!
The gnoll sergeant is moderately wounded.
You hit the gnoll but do no damage. The gnoll barely misses you.
Unknown command.
Okay, then.
You hit the gnoll sergeant.
The gnoll sergeant is moderately wounded.
You slash the gnoll!
Space bends around the gnoll.
The gnoll sergeant hits you from afar with a +0 trident.
The gnoll sergeant hits you but does no damage.
The gnoll completely misses you.
You barely miss the gnoll sergeant.
The gnoll sergeant is moderately wounded.
You hit the gnoll.
You kill the gnoll!
Makhleb accepts your kill.
The gnoll sergeant hits you but does no damage.
The gnoll sergeant closely misses you.
You hit the gnoll sergeant but do no damage.
The gnoll sergeant is moderately wounded.
You hit the gnoll.
The gnoll goes berserk!
The gnoll hits you with a +0 flail.
* * * LOW HITPOINT WARNING * * *
The gnoll sergeant hits you from afar with a +0 trident!
* * * LOW HITPOINT WARNING * * *
The gnoll sergeant closely misses you. The gnoll hits you with a +0 flail!
You die...

#g... #.....#...# ..
#.....#...###..
#.....#........
#.....#........
#.....#........
#.....#gg......
#.....#gg......
###.....#@#########+##
......................
......................
......................
..............<.......
.................(....
##....................
#......##+##.(.......
#......+ ##########


You could see 2 gnoll sergeants and 2 gnolls.

Vanquished Creatures
  Pikel (D:6)
  Menkaure (D:7)
  Duvessa (D:6)
  2 water moccasins
  A sky beast (D:5)
  A necrophage (D:4)
  An ogre (D:5)
  A black bear (D:4)
  4 lemures (D:6)
  2 kobold brigands (D:6)
  A wyvern zombie (D:3)
  3 scorpions
  Dowan (D:6)
  2 centaur skeletons (D:6)
  4 hounds
  2 jellies
  3 orc priests
  A bullfrog skeleton (D:5)
  An iron imp (D:5)
  4 orc wizards
  A hound zombie (D:5)
  2 hound skeletons
  2 gnolls (D:7)
  5 adders
  A howler monkey skeleton (D:6)
  2 worms
  2 dart slugs (D:1)
  14 orcs
  7 bats
  7 endoplasms
  3 giant cockroaches
  5 goblins
  10 hobgoblins
  7 jackals
  3 quokkas
  5 ball pythons
  2 frilled lizards
  7 kobolds
  9 rats
131 creatures vanquished.

Vanquished Creatures (others)
  A kobold (D:6)
1 creature vanquished.

Grand Total: 132 creatures vanquished

Notes
Turn   | Place    | Note
-------+----------+-------------------------------------------
     0 | D:1      | Kinoniko the Hill Orc Fighter began the quest for the Orb.
     0 | D:1      | Reached XP level 1. HP: 19/19 MP: 1/1
    87 | D:1      | Reached skill level 3 in Axes
   196 | D:1      | Reached XP level 2. HP: 25/27 MP: 2/2
   330 | D:1      | Found a faded altar of an unknown god.
   506 | D:1      | Reached skill level 4 in Axes
   546 | D:1      | Reached XP level 3. HP: 33/33 MP: 3/3
   999 | D:2      | Reached XP level 4. HP: 40/41 MP: 4/4
  1113 | D:2      | Reached skill level 5 in Axes
  1300 | D:2      | Found a burning altar of Makhleb.
  1638 | D:2      | Became a worshipper of Makhleb the Destroyer
  1742 | D:2      | Gained mutation: Your spells are a little harder to cast,
                  | but a little more powerful. [potion of mutation]
  1742 | D:2      | Lost mutation: Your spells are a little harder to cast, but
                  | a little more powerful. [potion of mutation]
  1742 | D:2      | Gained mutation: You do not regenerate when monsters are
                  | visible. [potion of mutation]
  1742 | D:2      | Gained mutation: Your spells are a little harder to cast,
                  | but a little more powerful. [potion of mutation]
  1743 | D:2      | HP: 2/41 [orc (3)]
  2190 | D:2      | Reached XP level 5. HP: 17/47 MP: 5/5
  2397 | D:3      | Reached skill level 5 in Fighting
  2397 | D:3      | Reached skill level 6 in Axes
  2976 | D:4      | Found Haof's Distillery.
  2983 | D:4      | Bought a potion of heal wounds for 60 gold pieces
  2984 | D:4      | Found a staircase to the Ecumenical Temple.
  2991 | D:4      | Reached XP level 6. HP: 56/56 MP: 6/6
  2997 | D:4      | Noticed a black bear
  3006 | D:4      | Killed a black bear
  3007 | D:4      | Reached skill level 7 in Axes
  3007 | D:4      | Reached skill level 1 in Dodging
  3346 | D:4      | Reached skill level 8 in Axes
  3346 | D:4      | Reached XP level 7. HP: 39/61 MP: 7/7
  4117 | D:4      | Reached skill level 1 in Invocations
  4288 | D:5      | Entered Level 5 of the Dungeon
  4334 | D:5      | Reached skill level 9 in Axes
  4446 | D:5      | Reached XP level 8. HP: 61/68 MP: 8/10
  4573 | D:5      | Found a shadowy altar of Dithmenos.
  5030 | D:5      | Reached * piety under Makhleb
  5132 | D:5      | Reached skill level 10 in Axes
  5463 | D:5      | Found a hazy altar of Hepliaklqana.
  6038 | D:6      | Noticed Pikel
  6064 | D:6      | Killed Pikel
  6065 | D:6      | Reached skill level 11 in Axes
  6065 | D:6      | Reached skill level 5 in Invocations
  6065 | D:6      | Reached XP level 9. HP: 32/74 MP: 11/13
  6764 | D:6      | Noticed Duvessa
  6764 | D:6      | Noticed Dowan
  6773 | D:6      | Killed Duvessa
  6774 | D:6      | Reached skill level 12 in Axes
  6776 | D:6      | Killed Dowan
  6988 | D:6      | Identified the +1 long sword of Causality {pain, rElec
                  | Will+}
  7458 | D:6      | Found a hide-covered altar of Uskayaw.
  7501 | D:7      | Noticed Menkaure
  7507 | D:7      | Killed Menkaure
  7521 | D:7      | Slain by a gnoll

Illustrated notes

Levels and vault maps discovered:
D:1:      dpeg_arrival_central, layout_basic, shapermc_ecumenical_altar_gd,
          st_stairs_6
D:2:      layout_rooms, basic_altar, serial_park_tiny_2, minivault_26
D:3:      layout_rooms
D:4:      layout_loops_ring, minmay_temple_entry_proselytizer, serial_shops,
          nicolae_shop_competitors_out_of_business, wad_floor_pattern_untrapped,
          minmay_misc_feat_four_crosses, ebering_dispersal_statue_hall
D:5:      layout_loops_ring, nicolae_hepliaklqana_hippocampus,
          lemuel_crystal_altar
D:6:      layout_loops_corners, nicolae_uskayaw_suspiria, uniq_duvessa,
          uniq_pikel
D:7:      layout_gridville, uniq_menkaure

Skill      XL: |  1  2  3  4  5  6  7  8  9 |
---------------+----------------------------+-----
Axes           | 3 4 5 6 8 9 11 12 | 12.6
Fighting       | 4 5 |  5.1
Dodging        | 1 2 3 |  3.1
Invocations    | 2 5 7 |  7.0
Armour         | |  3.2
Shields        | |  3.2

Action                   |  1- 3 |  4- 6 |  7- 9 || total
-------------------------+-------+-------+-------++-------
Melee: War axe           |    85 |   137 |   216 ||   438
  Use: Potion            |       |     2 |     2 ||     4
       Scroll            |       |       |    10 ||    10
 Stab: Confused          |       |       |     2 ||     2
       Paralysed         |       |       |     1 ||     1
Armor: Scale mail        |    48 |   111 |   103 ||   262
Dodge: Dodged            |    47 |    87 |    95 ||   229

Table legend: (Time is in decaauts)
 A = Elapsed time spent in this place.
 B = Non-inter-level travel time spent in this place.
 C = Inter-level travel time spent in this place.
 D = Time resting spent in this place.
 E = Time spent auto-exploring this place.
 F = Levels seen in this place.
 G = Mean time per level.
                   A        B        C        D        E       F      G
               +--------+--------+--------+--------+--------+-----+--------+
         Total |   7574 |   7366 |    208 |   1850 |   4612 |   7 | 1082.0 |
       Dungeon |   7574 |   7366 |    208 |   1850 |   4612 |   7 | 1082.0 |
               +--------+--------+--------+--------+--------+-----+--------+

Top non-repeatable levels by time:
     D:6: 1873 daAuts
     D:2: 1560 daAuts
     D:4: 1361 daAuts
     D:5: 1324 daAuts
     D:1: 857 daAuts
     D:3: 567 daAuts
     D:7: 30 daAuts
